General information
- name: BNet
- type: Ladder team game (AT/RT)
- host: Battle.net
- saver: bo_schembechler
map: FullScaleAssault
- players: 8
- length: 127:17
- speed: Fast
- version: 1.21 W3XP
- replay type: Public
» download(582 KB)
Players
team 1 (loser)
LeGeNdArY-oNe. (
green | 36 APM | 4552 actions | 126:47)
9 Tauren Chieftain
3 Endurance Aura
3 War Stomp
1 Reincarnation
2 Shockwave
9 Shadow Hunter
3 Healing Wave
3 Hex
1 Big Bad Voodoo
2 Serpent Ward
1 Far Seer
1 Far Sight
» actions
| Basic commands | 1 | |
| Build / train | 163 | |
| Enter build submenu | 73 | |
| Enter hero's abilities submenu | 19 | |
| Give item / drop item | 10 | |
| Right click | 2749 | |
| Select / deselect | 1206 | |
| Use ability | 329 | |
4552 total
» units
| Peon | 80 | |
| Grunt | 7 | |
| Shaman | 8 | |
| Tauren | 15 | |
110 total
» upgrades
| Melee Weapons | 3 | |
| Armor | 3 | |
| Shaman Training | 2 | |
| Pulverize | 1 | |
| Reinforced Defenses | 1 | |
10 total
» buildings
| Altar of Storms | 2 | |
| Orc Burrow | 14 | |
| Barracks | 1 | |
| Voodoo Lounge | 1 | |
| War Mill | 4 | |
| Stronghold | 2 | |
| Great Hall | 13 | |
| Spirit Lodge | 1 | |
| Fortress | 2 | |
| Tauren Totem | 2 | |
| Watch Tower | 30 | |
72 total
» build order
00:21 Altar of Storms
00:40 Orc Burrow
00:56 Barracks
01:39 Orc Burrow
02:06 Voodoo Lounge
02:23 Orc Burrow
03:41 War Mill
04:56 Stronghold
05:49 Great Hall
07:18 Orc Burrow
07:23 Spirit Lodge
08:03 Orc Burrow
08:55 Fortress
09:52 Orc Burrow
11:40 Tauren Totem
11:43 Tauren Totem
11:47 Orc Burrow
13:18 Orc Burrow
17:35 Great Hall
20:48 Watch Tower
20:50 Watch Tower
20:54 Watch Tower
21:10 Watch Tower
21:46 Watch Tower
22:23 Watch Tower
22:26 Watch Tower
22:33 Watch Tower
23:07 Watch Tower
23:10 Watch Tower
23:14 Watch Tower
24:23 Watch Tower
24:26 Watch Tower
24:41 Watch Tower
24:44 Watch Tower
26:47 Great Hall
31:34 Great Hall
34:17 Great Hall
34:25 Great Hall
36:15 Great Hall
42:53 Orc Burrow
45:43 Orc Burrow
45:50 Orc Burrow
52:44 Orc Burrow
52:46 Orc Burrow
53:47 Great Hall
61:10 Great Hall
62:59 Great Hall
63:25 Great Hall
64:06 Great Hall
89:28 War Mill
92:20 Great Hall
92:42 Watch Tower
93:11 Watch Tower
93:14 Watch Tower
93:21 Watch Tower
93:24 Watch Tower
93:29 Watch Tower
94:27 Watch Tower
95:51 Watch Tower
96:04 Watch Tower
98:21 Watch Tower
98:59 Watch Tower
105:54 Watch Tower
106:16 Watch Tower
107:06 Stronghold
107:09 Altar of Storms
108:32 War Mill
108:35 War Mill
109:09 Orc Burrow
110:04 Fortress
111:57 Watch Tower
113:16 Watch Tower
» items
| Healing Salve | 1 | |
| Boots of Speed | 1 | |
| Periapt of Vitality | 4 | |
| Orb of Lightning | 1 | |
| Scroll of Protection | 2 | |
| Scroll of Town Portal | 1 | |
| Staff of Teleportation | 2 | |
12 total
RespectYourMom (
teal | 60 APM | 7607 actions | 126:32)
10 Lich
3 Frost Nova
3 Dark Ritual
1 Death and Decay
3 Frost Armor
1 Death Knight
1 Death Coil
» actions
| Assign group hotkey | 138 | |
| Basic commands | 817 | |
| Build / train | 57 | |
| ESC pressed | 16 | |
| Enter build submenu | 36 | |
| Enter hero's abilities submenu | 11 | |
| Give item / drop item | 5 | |
| Remove unit from queue | 1 | |
| Right click | 3725 | |
| Select / deselect | 1437 | |
| Select group hotkey | 1047 | |
| Use ability | 315 | |
7607 total
» units
| Acolyte | 6 | |
| Ghoul | 6 | |
| Crypt Fiend | 4 | |
| Necromancer | 4 | |
| Obsidian Statue | 5 | |
| Meatwagon | 4 | |
| Frost Wyrm | 2 | |
31 total
» upgrades
| Necromancer Training | 2 | |
| Skeletal Longevity | 1 | |
| Web | 1 | |
| Exhume Corpses | 1 | |
| Skeletal Mastery | 1 | |
| Destroyer Form | 1 | |
7 total
» buildings
| Crypt | 2 | |
| Ziggurat | 16 | |
| Altar of Darkness | 1 | |
| Graveyard | 2 | |
| Halls of the Dead | 1 | |
| Tomb of Relics | 3 | |
| Temple of the Damned | 1 | |
| Slaughterhouse | 2 | |
| Black Citadel | 2 | |
| Sacrificial Pit | 1 | |
| Nerubian Tower | 1 | |
| Boneyard | 1 | |
| Necropolis | 2 | |
35 total
» build order
00:11 Crypt
00:22 Ziggurat
00:25 Ziggurat
00:37 Altar of Darkness
01:23 Graveyard
02:14 Halls of the Dead
02:59 Ziggurat
03:43 Tomb of Relics
04:00 Ziggurat
04:48 Temple of the Damned
04:53 Slaughterhouse
06:31 Ziggurat
09:09 Black Citadel
09:09 Black Citadel
09:14 Ziggurat
09:56 Ziggurat
10:00 Sacrificial Pit
10:35 Nerubian Tower
11:12 Tomb of Relics
11:17 Tomb of Relics
11:45 Boneyard
14:43 Slaughterhouse
15:40 Ziggurat
15:41 Ziggurat
15:46 Ziggurat
15:49 Ziggurat
15:50 Ziggurat
21:55 Necropolis
23:07 Necropolis
23:59 Ziggurat
24:00 Ziggurat
24:02 Ziggurat
24:02 Ziggurat
24:09 Graveyard
24:14 Crypt

»
Zwo (
pink | 12 APM | 1464 actions | 127:12)
7 Demon Hunter
3 Mana Burn
3 Immolation
1 Metamorphosis
» actions
| Basic commands | 9 | |
| Build / train | 130 | |
| Enter build submenu | 32 | |
| Enter hero's abilities submenu | 7 | |
| Right click | 787 | |
| Select / deselect | 468 | |
| Use ability | 31 | |
1464 total
» units
| Wisp | 14 | |
| Archer | 11 | |
| Druid of the Claw | 9 | |
| Hippogryph | 28 | |
| Huntress | 22 | |
| Glaive Thrower | 9 | |
| Chimaera | 24 | |
117 total
» upgrades
» buildings
| Altar of Elders | 2 | |
| Moon Well | 15 | |
| Ancient of War | 1 | |
| Tree of Ages | 2 | |
| Tree of Eternity | 2 | |
| Ancient of Wind | 2 | |
| Hunter's Hall | 1 | |
| Ancient of Lore | 2 | |
| Tree of Life | 3 | |
| Chimaera Roost | 2 | |
32 total
» build order
00:28 Altar of Elders
00:45 Moon Well
00:58 Ancient of War
02:43 Moon Well
03:38 Moon Well
03:59 Tree of Ages
05:00 Moon Well
06:21 Tree of Eternity
08:37 Ancient of Wind
10:10 Hunter's Hall
11:25 Ancient of Lore
15:47 Moon Well
15:48 Moon Well
15:50 Moon Well
15:53 Moon Well
15:55 Moon Well
22:40 Ancient of Lore
29:08 Moon Well
29:11 Moon Well
34:41 Tree of Life
37:16 Tree of Life
42:53 Tree of Life
46:51 Tree of Ages
49:28 Altar of Elders
50:46 Tree of Eternity
53:38 Ancient of Wind
55:29 Chimaera Roost
55:32 Chimaera Roost
61:02 Moon Well
62:07 Moon Well
63:10 Moon Well
68:18 Moon Well
Symphony (
orange | 70 APM | 5457 actions | 78:01)
3 Keeper of the Grove
2 Entangling Roots
1 Force of Nature
8 Goblin Alchemist
3 Healing Spray
3 Chemical Rage
1 Transmute
1 Acid Bomb
» actions
| Assign group hotkey | 25 | |
| Basic commands | 177 | |
| Build / train | 75 | |
| Enter build submenu | 28 | |
| Enter hero's abilities submenu | 15 | |
| Remove unit from queue | 2 | |
| Right click | 3269 | |
| Select / deselect | 967 | |
| Select group hotkey | 780 | |
| Use ability | 116 | |
5457 total
» units
| Wisp | 33 | |
| Archer | 3 | |
| Huntress | 5 | |
| Glaive Thrower | -1 | |
| Dryad | 3 | |
| Hippogryph | 4 | |
| Chimaera | 1 | |
48 total
» upgrades
| Strength of the Wild | 3 | |
| Reinforced Hides | 2 | |
| Abolish Magic | 1 | |
| Corrosive Breath | 1 | |
| Upgrade Moon Glaive | 1 | |
| Strength of the Moon | 1 | |
| Moon Armor | 1 | |
10 total
» buildings
| Altar of Elders | 1 | |
| Ancient of War | 3 | |
| Moon Well | 8 | |
| Hunter's Hall | 1 | |
| Tree of Ages | 1 | |
| Tree of Life | 1 | |
| Tree of Eternity | 1 | |
| Ancient of Wind | 1 | |
| Ancient of Lore | 2 | |
| Chimaera Roost | 2 | |
| Ancient Protector | 5 | |
26 total
» build order
00:05 Altar of Elders
00:07 Ancient of War
00:26 Moon Well
01:40 Moon Well
02:22 Hunter's Hall
02:47 Ancient of War
02:52 Moon Well
03:13 Ancient of War
03:48 Moon Well
05:21 Tree of Ages
06:32 Moon Well
07:00 Tree of Life
08:14 Tree of Eternity
09:05 Ancient of Wind
09:56 Ancient of Lore
10:19 Ancient of Lore
12:11 Chimaera Roost
12:58 Moon Well
13:04 Chimaera Roost
13:55 Moon Well
14:18 Moon Well
17:46 Ancient Protector
17:50 Ancient Protector
18:18 Ancient Protector
18:39 Ancient Protector
19:08 Ancient Protector
team 2 (winner)
bo_schembechler (
red | 44 APM | 5626 actions | 127:17)
10 Blood Mage
3 Flame Strike
3 Siphon Mana
2 Summon Phoenix
2 Banish
5 Paladin
3 Holy Light
2 Divine Shield
7 Mountain King
3 Storm Bolt
3 Bash
1 Avatar
» actions
| Assign group hotkey | 48 | |
| Basic commands | 92 | |
| Build / train | 222 | |
| ESC pressed | 10 | |
| Enter build submenu | 91 | |
| Enter hero's abilities submenu | 22 | |
| Give item / drop item | 12 | |
| Remove unit from queue | 2 | |
| Right click | 1587 | |
| Select / deselect | 1225 | |
| Select group hotkey | 1384 | |
| Use ability | 929 | |
5626 total
» units
| Peasant | 34 | |
| Dragonhawk Rider | 25 | |
| Goblin Zeppelin | 2 | |
| Goblin Shredder | 2 | |
63 total
» upgrades
| Masonry | 3 | |
| Lumber Harvesting | 2 | |
| Cloud | 2 | |
| Animal War Training | 1 | |
| Magic Sentry | 1 | |
| Swords | 3 | |
| Armor | 3 | |
15 total
» buildings
| Lumber Mill | 3 | |
| Farm | 32 | |
| Scout Tower | 281 | |
| Guard Tower | 77 | |
| Altar of Kings | 2 | |
| Keep | 4 | |
| Arcane Vault | 4 | |
| Gryphon Aviary | 5 | |
| Town Hall | 7 | |
| Castle | 2 | |
| Barracks | 1 | |
| Blacksmith | 3 | |
| Arcane Sanctum | 2 | |
| Arcane Tower | 5 | |
428 total
» build order
00:18 Lumber Mill
00:54 Farm
01:08 Farm
01:09 Farm
02:19 Scout Tower
02:20 Scout Tower
02:27 Scout Tower
02:28 Scout Tower
02:36 Scout Tower
02:36 Scout Tower
02:38 Scout Tower
02:39 Scout Tower
02:50 Guard Tower
03:06 Guard Tower
03:18 Guard Tower
03:18 Guard Tower
03:18 Guard Tower
03:23 Scout Tower
03:24 Scout Tower
03:26 Scout Tower
03:30 Scout Tower
03:31 Scout Tower
03:32 Scout Tower
03:35 Scout Tower
03:43 Scout Tower
03:43 Scout Tower
03:44 Scout Tower
03:45 Scout Tower
03:46 Scout Tower
03:47 Scout Tower
03:48 Scout Tower
03:48 Scout Tower
03:54 Guard Tower
04:03 Guard Tower
04:06 Guard Tower
04:06 Guard Tower
04:11 Guard Tower
04:22 Scout Tower
04:22 Scout Tower
04:26 Scout Tower
04:27 Scout Tower
04:30 Guard Tower
04:35 Scout Tower
04:37 Scout Tower
04:38 Scout Tower
04:39 Scout Tower
04:41 Scout Tower
04:46 Scout Tower
04:51 Scout Tower
05:05 Guard Tower
05:08 Guard Tower
05:19 Guard Tower
05:32 Guard Tower
05:40 Guard Tower
05:57 Guard Tower
06:02 Scout Tower
06:03 Scout Tower
06:08 Scout Tower
06:09 Scout Tower
06:11 Guard Tower
06:20 Scout Tower
06:21 Scout Tower
06:24 Scout Tower
06:25 Scout Tower
06:25 Scout Tower
06:26 Scout Tower
06:27 Scout Tower
06:28 Scout Tower
06:40 Altar of Kings
06:52 Guard Tower
06:56 Scout Tower
06:57 Scout Tower
06:58 Scout Tower
07:01 Scout Tower
07:02 Scout Tower
07:03 Scout Tower
07:04 Scout Tower
07:05 Scout Tower
07:12 Guard Tower
07:41 Keep
07:41 Keep
07:55 Guard Tower
08:02 Guard Tower
08:07 Scout Tower
08:15 Scout Tower
08:16 Scout Tower
08:19 Scout Tower
08:23 Guard Tower
08:27 Guard Tower
09:20 Guard Tower
09:34 Arcane Vault
09:35 Guard Tower
09:54 Guard Tower
09:58 Arcane Vault
10:16 Guard Tower
10:35 Guard Tower
11:25 Gryphon Aviary
11:32 Gryphon Aviary
11:36 Guard Tower
11:55 Guard Tower
12:01 Lumber Mill
12:17 Farm
12:17 Farm
12:18 Farm
12:19 Farm
12:20 Farm
12:20 Farm
12:29 Guard Tower
12:42 Guard Tower
12:54 Guard Tower
14:36 Town Hall
14:51 Scout Tower
14:52 Scout Tower
14:54 Scout Tower
14:55 Scout Tower
14:56 Scout Tower
14:57 Scout Tower
14:58 Scout Tower
15:01 Scout Tower
15:03 Scout Tower
15:03 Scout Tower
15:05 Scout Tower
15:05 Scout Tower
16:22 Town Hall
16:46 Guard Tower
16:48 Scout Tower
16:48 Scout Tower
16:51 Scout Tower
16:54 Scout Tower
16:55 Scout Tower
16:56 Scout Tower
16:57 Scout Tower
16:57 Scout Tower
16:58 Scout Tower
18:08 Castle
18:25 Guard Tower
19:32 Guard Tower
21:35 Gryphon Aviary
22:22 Guard Tower
22:46 Barracks
23:00 Farm
23:01 Farm
23:01 Farm
23:07 Farm
23:08 Farm
23:09 Farm
23:10 Farm
23:12 Farm
23:14 Farm
23:15 Farm
23:16 Farm
23:16 Farm
24:20 Blacksmith
30:16 Lumber Mill
31:22 Town Hall
31:33 Farm
31:34 Farm
31:38 Scout Tower
31:39 Scout Tower
31:40 Scout Tower
31:41 Scout Tower
31:42 Scout Tower
31:44 Scout Tower
31:44 Scout Tower
31:44 Scout Tower
32:53 Altar of Kings
32:53 Guard Tower
34:23 Scout Tower
34:24 Scout Tower
34:26 Scout Tower
34:28 Scout Tower
34:30 Scout Tower
34:31 Scout Tower
34:35 Scout Tower
34:36 Scout Tower
34:37 Scout Tower
34:40 Scout Tower
34:42 Scout Tower
34:43 Scout Tower
35:37 Guard Tower
35:41 Scout Tower
35:41 Scout Tower
35:44 Scout Tower
35:46 Scout Tower
35:46 Scout Tower
35:48 Scout Tower
35:49 Scout Tower
35:50 Scout Tower
35:51 Scout Tower
35:52 Scout Tower
35:54 Scout Tower
35:56 Scout Tower
35:59 Scout Tower
36:03 Scout Tower
36:03 Scout Tower
36:04 Scout Tower
36:07 Scout Tower
36:08 Scout Tower
36:10 Scout Tower
36:12 Scout Tower
36:13 Guard Tower
36:38 Guard Tower
36:48 Guard Tower
37:42 Guard Tower
40:59 Keep
41:06 Guard Tower
41:10 Arcane Vault
43:40 Castle
44:04 Town Hall
45:48 Scout Tower
45:51 Scout Tower
45:52 Scout Tower
45:53 Scout Tower
45:53 Scout Tower
45:54 Scout Tower
45:54 Scout Tower
45:56 Scout Tower
45:57 Scout Tower
45:57 Scout Tower
45:58 Scout Tower
46:00 Scout Tower
46:02 Scout Tower
46:03 Scout Tower
47:12 Guard Tower
47:20 Farm
47:20 Farm
47:20 Farm
47:21 Farm
48:05 Scout Tower
48:06 Scout Tower
48:08 Scout Tower
48:08 Scout Tower
48:09 Scout Tower
48:09 Scout Tower
48:11 Scout Tower
48:24 Guard Tower
48:37 Guard Tower
48:40 Scout Tower
48:41 Scout Tower
48:44 Scout Tower
48:44 Scout Tower
48:47 Scout Tower
48:48 Scout Tower
48:49 Scout Tower
48:50 Scout Tower
48:50 Scout Tower
48:51 Scout Tower
48:58 Scout Tower
48:59 Scout Tower
49:00 Scout Tower
49:02 Scout Tower
49:03 Scout Tower
49:19 Farm
49:21 Farm
49:52 Guard Tower
50:32 Guard Tower
50:39 Guard Tower
50:57 Guard Tower
51:01 Scout Tower
51:04 Scout Tower
51:05 Scout Tower
51:06 Scout Tower
51:07 Scout Tower
51:07 Scout Tower
51:07 Scout Tower
51:09 Scout Tower
51:09 Scout Tower
51:11 Scout Tower
51:14 Scout Tower
51:14 Scout Tower
51:16 Scout Tower
51:16 Scout Tower
51:18 Scout Tower
51:18 Scout Tower
51:19 Scout Tower
51:20 Scout Tower
51:20 Scout Tower
51:21 Scout Tower
51:21 Scout Tower
51:23 Guard Tower
51:27 Guard Tower
51:39 Farm
51:42 Guard Tower
52:07 Guard Tower
53:31 Scout Tower
53:31 Scout Tower
53:34 Scout Tower
53:34 Scout Tower
53:34 Scout Tower
53:34 Scout Tower
53:36 Scout Tower
53:36 Scout Tower
53:37 Scout Tower
53:38 Scout Tower
53:56 Guard Tower
54:12 Scout Tower
54:14 Scout Tower
54:16 Scout Tower
54:20 Guard Tower
55:08 Guard Tower
55:43 Guard Tower
55:45 Scout Tower
55:46 Scout Tower
55:46 Scout Tower
55:47 Scout Tower
55:47 Scout Tower
55:47 Scout Tower
55:48 Scout Tower
55:49 Scout Tower
55:50 Scout Tower
55:51 Scout Tower
55:52 Scout Tower
55:52 Scout Tower
55:52 Scout Tower
55:53 Scout Tower
55:54 Scout Tower
55:54 Scout Tower
55:55 Scout Tower
57:05 Guard Tower
57:12 Town Hall
57:26 Town Hall
57:29 Guard Tower
57:31 Scout Tower
57:31 Scout Tower
57:33 Scout Tower
57:34 Scout Tower
57:35 Scout Tower
57:36 Scout Tower
57:36 Scout Tower
57:37 Scout Tower
57:37 Scout Tower
57:37 Scout Tower
57:38 Scout Tower
57:38 Scout Tower
57:38 Scout Tower
58:10 Guard Tower
58:31 Guard Tower
58:33 Guard Tower
58:56 Guard Tower
59:25 Guard Tower
60:07 Arcane Sanctum
60:30 Guard Tower
62:25 Guard Tower
64:45 Scout Tower
64:46 Scout Tower
64:47 Scout Tower
64:47 Scout Tower
64:49 Scout Tower
64:49 Scout Tower
64:51 Scout Tower
65:13 Arcane Sanctum
66:39 Guard Tower
66:46 Scout Tower
66:48 Scout Tower
66:48 Scout Tower
66:50 Scout Tower
66:51 Scout Tower
66:51 Scout Tower
66:52 Scout Tower
66:55 Arcane Tower
67:20 Arcane Tower
68:41 Arcane Tower
69:59 Arcane Tower
70:01 Scout Tower
70:02 Scout Tower
70:03 Scout Tower
70:04 Scout Tower
71:56 Gryphon Aviary
71:58 Gryphon Aviary
74:59 Arcane Tower
75:46 Arcane Vault
75:53 Scout Tower
75:54 Scout Tower
75:55 Scout Tower
75:56 Scout Tower
76:42 Guard Tower
76:48 Scout Tower
76:50 Scout Tower
76:51 Scout Tower
76:52 Scout Tower
80:46 Scout Tower
80:46 Scout Tower
80:47 Scout Tower
80:48 Scout Tower
80:48 Scout Tower
80:48 Scout Tower
80:49 Scout Tower
80:49 Scout Tower
80:50 Scout Tower
80:50 Scout Tower
80:53 Scout Tower
80:53 Scout Tower
80:54 Scout Tower
80:55 Scout Tower
81:23 Guard Tower
81:40 Guard Tower
81:44 Town Hall
81:46 Guard Tower
83:20 Guard Tower
83:24 Scout Tower
83:24 Scout Tower
83:24 Scout Tower
83:25 Scout Tower
83:25 Scout Tower
83:27 Scout Tower
83:28 Scout Tower
83:28 Scout Tower
83:29 Scout Tower
83:29 Scout Tower
83:29 Scout Tower
83:30 Scout Tower
83:30 Scout Tower
83:30 Scout Tower
87:19 Guard Tower
87:32 Blacksmith
88:22 Blacksmith
103:25 Guard Tower
» items
| Staff of Teleportation | 3 | |
| Boots of Speed | 3 | |
| Potion of Invisibility | 1 | |
| Potion of Healing | 1 | |
| Scroll of Town Portal | 3 | |
| Orb of Venom | 1 | |
| Staff of Sanctuary | 3 | |
| Periapt of Vitality | 3 | |
| Circlet of Nobility | 2 | |
| Orb of Fire | 1 | |
| Tome of Retraining | 1 | |
22 total

»
xXDracolichXx (
blue | 12 APM | 551 actions | 45:53)
4 Far Seer
2 Feral Spirit
1 Chain Lighting
1 Far Sight
» actions
| Build / train | 77 | |
| Enter build submenu | 27 | |
| Enter hero's abilities submenu | 4 | |
| Right click | 90 | |
| Select / deselect | 308 | |
| Use ability | 45 | |
551 total
» units
| Peon | 27 | |
| Grunt | 15 | |
| Troll Headhunter/Berserker | 7 | |
| Tauren | 6 | |
| Goblin Zeppelin | 1 | |
56 total
» upgrades
| Pillage | 1 | |
| Melee Weapons | 3 | |
| Ranged Weapons | 3 | |
| Spiked Barricades | 2 | |
| Armor | 3 | |
| Pulverize | 1 | |
13 total
» buildings
| Orc Burrow | 14 | |
| Barracks | 1 | |
| Altar of Storms | 2 | |
| War Mill | 2 | |
| Voodoo Lounge | 1 | |
| Stronghold | 2 | |
| Fortress | 1 | |
| Tauren Totem | 1 | |
| Great Hall | 1 | |
25 total
» build order
00:25 Orc Burrow
00:41 Barracks
01:10 Altar of Storms
01:42 Orc Burrow
02:27 Orc Burrow
03:13 Orc Burrow
03:30 War Mill
04:23 Voodoo Lounge
07:30 Orc Burrow
07:35 Orc Burrow
09:50 Stronghold
12:09 Orc Burrow
13:05 Orc Burrow
13:14 Orc Burrow
14:00 Fortress
16:22 Tauren Totem
26:51 Great Hall
31:40 Orc Burrow
31:49 Orc Burrow
31:55 Orc Burrow
32:02 Orc Burrow
34:05 War Mill
34:29 Stronghold
34:32 Altar of Storms
35:39 Orc Burrow
DRmanny25k (
purple | 25 APM | 3208 actions | 127:13)
7 Demon Hunter
3 Immolation
3 Evasion
1 Metamorphosis
» actions
| Basic commands | 3 | |
| Build / train | 131 | |
| Enter build submenu | 49 | |
| Enter hero's abilities submenu | 7 | |
| Give item / drop item | 9 | |
| Remove unit from queue | 4 | |
| Right click | 1739 | |
| Select / deselect | 1082 | |
| Use ability | 183 | |
3208 total
» units
| Wisp | 37 | |
| Chimaera | 37 | |
| Blue Dragon | 5 | |
| Goblin Zeppelin | 1 | |
| Goblin Sapper | 4 | |
| Blue Dragon Whelp | 1 | |
85 total
» upgrades
| Nature's Blessing | 1 | |
| Ultravision | 1 | |
| Strength of the Wild | 3 | |
| Reinforced Hides | 3 | |
| Well Spring | 1 | |
| Corrosive Breath | 1 | |
10 total
» buildings
| Altar of Elders | 3 | |
| Moon Well | 23 | |
| Ancient of Wonders | 1 | |
| Tree of Ages | 3 | |
| Tree of Life | 4 | |
| Hunter's Hall | 1 | |
| Ancient of Wind | 2 | |
| Tree of Eternity | 2 | |
| Chimaera Roost | 11 | |
50 total
» build order
00:09 Altar of Elders
00:11 Moon Well
00:58 Moon Well
01:23 Ancient of Wonders
01:57 Moon Well
02:42 Moon Well
03:20 Moon Well
04:05 Tree of Ages
04:05 Tree of Ages
04:28 Tree of Life
04:35 Hunter's Hall
04:48 Moon Well
05:42 Moon Well
05:44 Moon Well
05:51 Moon Well
06:49 Ancient of Wind
07:49 Tree of Eternity
11:00 Chimaera Roost
11:02 Chimaera Roost
11:04 Chimaera Roost
11:08 Chimaera Roost
11:11 Chimaera Roost
11:23 Chimaera Roost
12:41 Chimaera Roost
28:51 Tree of Life
29:05 Ancient of Wind
29:22 Altar of Elders
30:09 Chimaera Roost
30:11 Chimaera Roost
30:14 Chimaera Roost
30:17 Chimaera Roost
30:23 Moon Well
30:25 Moon Well
30:27 Moon Well
30:29 Moon Well
30:31 Moon Well
30:38 Moon Well
31:03 Moon Well
31:53 Moon Well
31:55 Moon Well
43:51 Tree of Life
51:37 Moon Well
52:34 Altar of Elders
65:43 Moon Well
74:23 Tree of Life
83:38 Moon Well
87:14 Moon Well
118:43 Moon Well
» items
| Lesser Clarity Potion | 5 | |
| Boots of Speed | 1 | |
| Staff of Teleportation | 1 | |
| Potion of Healing | 3 | |
| Potion of Mana | 1 | |
| Orb of Venom | 1 | |
| Scroll of Town Portal | 3 | |
| Scroll of Regeneration | 1 | |
16 total
davepro (
yellow | 18 APM | 788 actions | 43:14)
3 Naga Sea Witch
1 Frost Arrows
1 Forked Lightning
1 Mana Shield
3 Goblin Alchemist
1 Healing Spray
1 Chemical Rage
1 Acid Bomb
4 Goblin Tinker
2 Cluster Rockets
2 Pocket Factory
» actions
| Build / train | 97 | |
| Enter build submenu | 51 | |
| Enter hero's abilities submenu | 11 | |
| Give item / drop item | 4 | |
| Remove unit from queue | 12 | |
| Right click | 136 | |
| Select / deselect | 394 | |
| Use ability | 77 | |
788 total
» units
| Wisp | 37 | |
| Huntress | 4 | |
| Archer | 9 | |
| Druid of the Claw | 4 | |
| Hippogryph | 6 | |
60 total
» upgrades
| Sentinel | 1 | |
| Druid of the Claw Training | 2 | |
| Marksmanship | 1 | |
| Improved Bows | 1 | |
| Upgrade Moon Glaive | 1 | |
| Mark of the Claw | 1 | |
| Hippogryph Taming | 1 | |
8 total
» buildings
| Moon Well | 14 | |
| Altar of Elders | 2 | |
| Hunter's Hall | 2 | |
| Ancient of Wonders | 1 | |
| Ancient of War | 2 | |
| Tree of Ages | 1 | |
| Ancient Protector | 23 | |
| Tree of Life | 1 | |
| Tree of Eternity | 1 | |
| Ancient of Lore | 1 | |
| Ancient of Wind | 1 | |
49 total
» build order
00:12 Moon Well
00:58 Altar of Elders
01:55 Hunter's Hall
02:03 Ancient of Wonders
02:13 Ancient of War
03:21 Moon Well
05:20 Moon Well
05:24 Moon Well
05:32 Moon Well
05:37 Tree of Ages
05:43 Ancient Protector
07:42 Ancient Protector
07:47 Ancient Protector
07:55 Tree of Life
13:05 Tree of Eternity
13:15 Ancient of Lore
23:50 Ancient of Wind
25:53 Moon Well
26:02 Moon Well
27:10 Moon Well
27:33 Moon Well
27:39 Ancient Protector
27:44 Ancient Protector
31:02 Ancient Protector
31:06 Ancient Protector
31:09 Ancient Protector
31:40 Moon Well
32:02 Hunter's Hall
32:08 Moon Well
33:13 Ancient Protector
33:17 Ancient Protector
33:21 Ancient Protector
33:25 Ancient Protector
33:30 Ancient Protector
33:37 Ancient Protector
33:43 Ancient Protector
34:00 Ancient Protector
36:57 Ancient Protector
37:01 Ancient Protector
37:07 Ancient Protector
37:31 Moon Well
38:17 Ancient of War
38:21 Altar of Elders
38:30 Ancient Protector
39:19 Moon Well
39:26 Moon Well
39:42 Ancient Protector
40:53 Ancient Protector
40:57 Ancient Protector
» items
| Potion of Healing | 2 | |
| Orb of Venom | 1 | |
3 total
Chat log
(00:17 / Allies) DRmanny25k: chim
(00:37 / All) LeGeNdArY-oNe.: any ladies here holla at me myspace.com/xxx_twix
(00:42 / All) Symphony: lol
(00:45 / All) DRmanny25k: lol
(00:58 / All) RespectYourMom: lol indeed
(01:49 / Allies) DRmanny25k: u playin with me red
(01:51 / Allies) DRmanny25k: jajaja
(07:09 / Allies) DRmanny25k: go red go red
(07:41 / Allies) DRmanny25k: yellow get hippos
(09:45 / Allies) DRmanny25k: blue get real units
(09:54 / Allies) xXDracolichXx: ???
(09:59 / Allies) xXDracolichXx: raiders?
(10:09 / Allies) DRmanny25k: tauren u got time
(10:19 / Allies) xXDracolichXx: oh...yeah...of course
(10:26 / Allies) DRmanny25k: yellow
(10:27 / Allies) DRmanny25k: move
(10:43 / Allies) DRmanny25k: need help
(13:02 / Allies) DRmanny25k: yellow
(15:05 / Allies) DRmanny25k: yellow
(17:28 / Allies) DRmanny25k: yellow plz
(19:59 / Allies) xXDracolichXx: I need gold please gold
(21:14 / Allies) xXDracolichXx: someone give gold!!!!!
(21:18 / Allies) xXDracolichXx: please
(21:24 / Allies) xXDracolichXx: ty
(22:13 / Allies) xXDracolichXx: I'm ready for battle
(22:41 / Allies) xXDracolichXx: THEY ARE HERE
(23:59 / Allies) xXDracolichXx: help!!!
(26:50 / Allies) DRmanny25k: plz yellow save me
(31:06 / All) LeGeNdArY-oNe.: whose retarted idea was to mass towers?
(31:13 / All) DRmanny25k: red
(31:19 / All) DRmanny25k: how we doing
(31:48 / All) DRmanny25k: yellow gold me
(32:07 / Allies) DRmanny25k: i need gold now
(32:19 / Allies) DRmanny25k: plzzzz
(32:33 / Allies) DRmanny25k: red stop tower
(32:45 / Allies) DRmanny25k: yellow gold meeeeeeeeeeeeeeeee
(32:48 / Allies) DRmanny25k: plzzzzzz
(33:05 / Allies) DRmanny25k: yellow
(33:10 / Allies) DRmanny25k: gold me
(33:28 / Allies) DRmanny25k: i need gold
(34:38 / Allies) DRmanny25k: yelllow plz
(34:48 / Allies) DRmanny25k: red gold me
(37:55 / Allies) xXDracolichXx: go purple
(38:06 / Allies) xXDracolichXx: you is the less noob here
(38:08 / Allies) xXDracolichXx: go
(38:54 / Allies) xXDracolichXx: yellow and red are 2 power noobs
(39:09 / Allies) xXDracolichXx: purple is half noob
(40:43 / All) RespectYourMom: DUDE
(41:27 / Allies) xXDracolichXx: yellow gives all of your gold to purple
(41:47 / Allies) xXDracolichXx: do it please
(42:37 / Allies) xXDracolichXx: yellow hurry give all of your gold to purple
(42:46 / Allies) xXDracolichXx: hurry!
(43:05 / Allies) DRmanny25k: red help me
(43:18 / Allies) xXDracolichXx: YELLOW YOU SUCKS!!!
(43:23 / Allies) xXDracolichXx: oh
(43:26 / Allies) xXDracolichXx: ...
(43:28 / Allies) xXDracolichXx: .
(44:09 / Allies) xXDracolichXx: purple red is a fuker!!!dont you think?
(44:45 / Allies) xXDracolichXx: red do an army!!!do something!!!
(45:16 / Allies) DRmanny25k: red plz gold me
(45:29 / Allies) xXDracolichXx: OMG RED YOU IS A POWER NOOB YOU IS A VERY NOOB GUY
(45:37 / Allies) xXDracolichXx: GO TO HELL!!!
(47:17 / Allies) DRmanny25k: red
(49:20 / All) LeGeNdArY-oNe.: D
(49:58 / All) RespectYourMom: D
(50:25 / All) LeGeNdArY-oNe.: RED
(50:28 / All) LeGeNdArY-oNe.: IAM GONNA REPORT U
(51:47 / All) DRmanny25k: leave
(51:52 / All) Symphony: you leave
(51:59 / All) DRmanny25k: u can't kill red
(52:05 / All) Symphony: cuz he's a fag
(52:24 / All) DRmanny25k: red plzzzzzzzzzzz
(52:50 / All) DRmanny25k: how amny are u
(52:55 / All) DRmanny25k: many
(53:08 / All) Symphony: there's 4 of us
(53:09 / All) LeGeNdArY-oNe.: u wont win u no
(53:13 / All) Symphony: if that's what you mean
(53:19 / All) DRmanny25k: i know
(53:26 / All) DRmanny25k: cause red suck
(53:44 / All) Symphony: he just loves wastin our time
(53:48 / All) DRmanny25k: yeah
(53:53 / All) Symphony: some people can't cope with loss
(54:15 / All) DRmanny25k: and yellow that nigga sucks
(54:19 / All) DRmanny25k: fuck
(54:52 / All) Symphony: red plz leave
(54:54 / All) Symphony: plzz
(55:10 / All) DRmanny25k: i don't talk
(57:50 / All) DRmanny25k: lol
(61:55 / All) DRmanny25k: jajajajjaja
(62:09 / All) DRmanny25k: i almost kill all of u
(62:20 / All) Zwo: lol
(63:09 / Allies) DRmanny25k: red gold me
(63:18 / Allies) DRmanny25k: they got chim
(64:56 / All) Zwo: lol u guys r doomed
(65:13 / All) DRmanny25k: we win
(65:23 / All) Zwo: lol u wish
(66:12 / Allies) DRmanny25k: plz gold
(66:20 / All) Symphony: YA
(66:24 / All) Symphony: TAKE THAT WISP
(66:24 / Allies) DRmanny25k: attack down there
(66:32 / Allies) DRmanny25k: the don't have aa
(68:32 / All) LeGeNdArY-oNe.: red gold please
(68:39 / All) LeGeNdArY-oNe.: thnx
(68:41 / All) Zwo: lol
(72:05 / Allies) DRmanny25k: red gold
(74:54 / All) LeGeNdArY-oNe.: try me
(75:04 / All) LeGeNdArY-oNe.: puss
(75:15 / All) DRmanny25k: jaja
(75:45 / Allies) DRmanny25k: can u get more tower
(76:37 / Allies) DRmanny25k: get the mana tower
(78:45 / Allies) DRmanny25k: red gold me to get wips
(80:29 / All) DRmanny25k: dam u kill my dragon
(81:18 / All) RespectYourMom: This is some major Z right here
(81:32 / All) LeGeNdArY-oNe.: tell me red y
(81:49 / All) LeGeNdArY-oNe.: red why do mh
(81:52 / All) LeGeNdArY-oNe.: i no who u r
(81:57 / All) LeGeNdArY-oNe.: i am a hacker too
(81:59 / All) LeGeNdArY-oNe.: u know
(82:05 / All) LeGeNdArY-oNe.: sorry but i know your name
(87:09 / All) LeGeNdArY-oNe.: yawn
(87:12 / All) LeGeNdArY-oNe.: this is boring
(87:20 / All) LeGeNdArY-oNe.: i am saving this replay
(87:22 / All) LeGeNdArY-oNe.: after i win
(89:28 / Allies) DRmanny25k: gold me
(89:37 / All) LeGeNdArY-oNe.: they should have a time limit for wc
(89:51 / All) DRmanny25k: jaja
(89:59 / All) LeGeNdArY-oNe.: is red a bot btw
(90:11 / All) LeGeNdArY-oNe.: it looks like he is a fucking idiot that dosent know how to win
(90:17 / All) LeGeNdArY-oNe.: he should burn in hell
(90:25 / All) LeGeNdArY-oNe.: and also fucking kill her slf
(90:37 / All) RespectYourMom: did you just blew up 2 of your own squads?
(95:47 / Allies) DRmanny25k: plz gold
(96:17 / Allies) DRmanny25k: the last mine
(96:28 / All) LeGeNdArY-oNe.: ha
(96:29 / All) LeGeNdArY-oNe.: u suck
(99:04 / All) LeGeNdArY-oNe.: dude red
(99:06 / All) LeGeNdArY-oNe.: u know what
(99:10 / All) LeGeNdArY-oNe.: U HAVE NO FUCKING LIFE
(99:16 / All) DRmanny25k: jajaja
(99:31 / All) DRmanny25k: jajajajajaj
(108:54 / All) RespectYourMom: HAHAHAHA
(109:09 / All) DRmanny25k: jajaja
(109:40 / All) DRmanny25k: jajajajja green
(112:44 / All) RespectYourMom: lol
(117:53 / All) LeGeNdArY-oNe.: purp u fucking mher
(118:04 / All) DRmanny25k: leave
(118:18 / All) LeGeNdArY-oNe.: why dont u leave u lost
(118:20 / Allies) DRmanny25k: red gold plz to get another dragon
(118:24 / All) LeGeNdArY-oNe.: loser
(118:30 / All) LeGeNdArY-oNe.: your both sore losers
(118:31 / Allies) DRmanny25k: thx
(118:33 / All) LeGeNdArY-oNe.: just to let u know
(118:37 / All) LeGeNdArY-oNe.: u cant beat us
(118:39 / All) LeGeNdArY-oNe.: so u stall
(118:42 / All) LeGeNdArY-oNe.: and just wia
(118:46 / All) LeGeNdArY-oNe.: wiat&
(119:35 / Allies) DRmanny25k: plz gold
(119:45 / Allies) DRmanny25k: plz 200
(120:24 / All) LeGeNdArY-oNe.: shame on u noob
(120:40 / All) DRmanny25k: jajaj i ate uur tauren
(120:50 / All) LeGeNdArY-oNe.: jajajjaja your gay
(120:56 / Allies) DRmanny25k: red 200
(121:08 / All) Zwo: lol we will never leave its so funny
(121:16 / All) DRmanny25k: yeah
(121:31 / All) LeGeNdArY-oNe.: yea keep doing that
(121:38 / All) LeGeNdArY-oNe.: i got a fucking big ass suprise
(121:42 / All) LeGeNdArY-oNe.: for your dumbass
(121:50 / All) LeGeNdArY-oNe.: jajajjaja
(122:18 / Allies) DRmanny25k: rdy?
(125:16 / All) LeGeNdArY-oNe.: i saw your stats red
(125:18 / All) LeGeNdArY-oNe.: u do suck
(125:19 / All) LeGeNdArY-oNe.: lol
(125:26 / Allies) DRmanny25k: goooooooo
(126:01 / All) Zwo: lol nice record 40-89 pffff
(127:04 / All) DRmanny25k: leave nood
(127:07 / All) Zwo: u fucking whores
(127:10 / All) DRmanny25k: jajajajjajajajjajajjajajajajjajajajjajajajjajajajaj